Map: Interloper LE

Players

Lambo

  • Race: Zerg Zerg
  • Spawn Location: 5:00

puCK (Nina) - Winner!

  • Race: Protoss Protoss
  • Spawn Location: 11:00

Event: WCS Montreal 2017

VOD

Have the link to the VOD?

Description

Time

  • Played on: Sept. 8, 2017, 7:19 p.m.
  • Length: 15:52

All games in this series

Show
View Real Time Build Order
Export as new Build Order

Lambo Zerg 

Build Orders: Hatch First, Lurkers 

Get SALT Encoding   

  12  0:00  Drone  
  13  0:12  Overlord  
  13  0:16  Drone  
  14  0:31  Drone x2  
  16  0:46  Drone  
  17  0:53  Hatchery  
  17  0:56  Drone  
  17  0:58  Drone  
  18  1:10  Extractor  
  17  1:14  Spawning Pool  
  17  1:17  Drone  
  17  1:20  Drone  
  18  1:28  Drone  
  19  1:39  Overlord  
  19  1:49  Drone  
  20  2:01  Queen, Zergling x2  
  20  2:05  Queen, Zergling x2  
  26  2:13  Metabolic Boost  
  26  2:14  Drone  
  27  2:16  Drone  
  27  2:21  Drone  
  29  2:30  Drone  
  30  2:39  Hatchery  
  30  2:43  Drone  
  30  2:49  Pneumatized Carapace  
  30  2:52  Overlord  
  30  2:55  Drone  
  30  2:57  Drone  
  32  3:05  Drone x3  
  34  3:11  Drone  
  36  3:15  Drone  
  36  3:16  Drone  
  37  3:20  Queen  
  37  3:24  Drone x2  
  37  3:25  Drone  
  42  3:31  Overlord  
  42  3:44  Lair  
  42  3:45  Drone  
  42  3:46  Overlord  
  43  3:53  Drone  
  43  3:54  Drone x5  
  49  3:57  Queen  
  51  4:04  Drone x3  
  51  4:05  Extractor  
  53  4:12  Queen  
  53  4:13  Overlord  
  53  4:15  Zergling x4  
  57  4:21  Zergling x8  
  61  4:28  Spore Crawler, Zergling x2  
  61  4:29  Zergling x8  
  65  4:38  Drone x3  
  67  4:41  Extractor  
  67  4:43  Extractor  
  67  4:44  Overseer  
  66  4:47  Hydralisk Den, Overseer  
  66  4:48  Drone x2  
  66  4:49  Drone  
  66  4:51  Zergling x2  
  66  4:52  Zergling x2  
  70  4:53  Overlord  
  70  5:03  Drone x3  
  73  5:07  Overlord  
  73  5:09  Overlord  
  73  5:14  Overlord  
  73  5:16  Overlord  
  73  5:25  Overlord  
  73  5:26  Overlord  
  73  5:31  Overlord  
  73  5:32  Hydralisk x4  
  73  5:33  Hydralisk x2  
  85  5:39  Hydralisk x2  
  88  5:43  Evolution Chamber, Hydralisk  
  88  5:47  Hydralisk  
  89  5:50  Zergling x6  
  89  5:51  Zergling x2  
  89  5:53  Zergling x4  
  91  5:58  Hydralisk x2  
  90  6:05  Hydralisk  
  90  6:06  Zergling x2  
  88  6:19  Hydralisk x2  
  88  6:23  Hydralisk  
  88  6:24  Zergling x8  
  98  6:29  Hydralisk  
  98  6:30  Zergling x2  
  95  6:36  Zergling x2  
  95  6:39  Zergling x2  
  89  6:45  Muscular Augments  
  89  6:46  Zergling x2  
  89  6:47  Zergling x12  
  93  6:51  Hydralisk  
  98  6:56  Hydralisk  
  100  7:01  Hydralisk  
  100  7:05  Overlord  
  102  7:08  Hydralisk x2  
  102  7:09  Zergling x6  
  102  7:14  Hydralisk  
  102  7:15  Zergling x4  
  113  7:17  Overlord  
  113  7:19  Overlord  
  113  7:24  Overlord  
  113  7:27  Overlord  
  113  7:32  Overlord  
  113  7:33  Hydralisk x2  
  117  7:39  Hydralisk x2  
  121  7:44  Overlord  
  121  7:45  Hydralisk  
  121  7:47  Hydralisk  
  125  7:54  Hydralisk x2  
  129  7:59  Hydralisk  
  131  8:08  Hydralisk x2  
  131  8:09  Zergling x4  
  131  8:12  Overlord, Hydralisk  
  137  8:16  Overlord  
  137  8:18  Hydralisk  
  141  8:21  Overlord  
  141  8:24  Zergling x4  
  143  8:30  Hydralisk x2  
  146  8:36  Hydralisk x2  
  146  8:46  Hydralisk x2  
  149  8:50  Zergling x8  
  152  8:56  Hydralisk x2  
  152  9:01  Hydralisk  
  158  9:07  Drone, Zergling x2  
  158  9:08  Zergling x4  
  154  9:12  Zergling x4  
  139  9:23  Hydralisk x2  
  130  9:29  Hydralisk  
  107  9:35  Zergling x8  
  104  9:41  Hydralisk  
  104  9:42  Zergling x2  
  100  9:49  Hydralisk  
  100  9:50  Zergling x2  
  100  9:52  Zergling x2  
  80  10:03  Drone x5  
  85  10:08  Drone x2  
  87  10:15  Drone x4  
  91  10:24  Drone  
  91  10:28  Drone x3  
  94  10:29  Evolution Chamber  
  94  10:32  Hydralisk x2  
  98  10:41  Lurker Den  
  98  10:43  Extractor  
  98  10:44  Extractor, Drone x3  
  98  10:46  Drone  
  100  10:51  Drone x3  
  103  10:57  Zerg Missile Weapons Level 1  
  103  10:59  Drone x3  
  106  11:06  Hydralisk  
  106  11:07  Hydralisk  
  110  11:11  Hydralisk  
  110  11:13  Overseer  
  110  11:16  Hydralisk  
  110  11:17  Drone x2  
  116  11:18  Drone  
  116  11:26  Drone  
  116  11:27  Drone  
  118  11:35  Hydralisk  
  118  11:36  Hatchery  
  119  11:45  Zergling x6  
  119  11:46  Zergling x8  
  126  11:57  Zergling x2  
  126  11:58  Zergling x20  
  137  12:11  Lurker x4  
  137  12:12  Lurker x4  
  137  12:13  Lurker x2  
  147  12:15  Zergling x2  
  147  12:16  Zergling x4  
  147  12:21  Hydralisk x2  
  154  12:27  Hydralisk x2  
  158  12:31  Hydralisk  
  160  12:38  Hydralisk x2  
  160  12:39  Extractor, Hydralisk  
  160  12:42  Extractor  
  160  12:43  Zergling x2  
  160  12:44  Zergling x4  
  162  12:49  Lurker  
  161  12:54  Lurker  
  160  13:00  Extractor  
  160  13:02  Lurker x2  
  161  13:11  Hydralisk x3  
  167  13:24  Hydralisk x3  
  173  13:27  Lurker  
  170  13:43  Hydralisk  
  170  13:44  Hydralisk x3  
  170  13:46  Lurker x2  
  176  13:48  Overlord x2  
  176  13:50  Zergling x14  
  183  14:04  Lurker  
  183  14:05  Overlord  
  183  14:09  Overlord  
  184  14:14  Overlord  
  184  14:19  Hydralisk x6  
  192  14:25  Overseer  
  191  14:34  Hydralisk x4  
  174  14:40  Hydralisk  
  174  14:44  Zergling x6  
  159  14:57  Lurker  
  159  14:58  Lurker  
  159  14:59  Lurker x2  
  164  15:00  Lurker  
  164  15:03  Hydralisk  
  166  15:14  Hydralisk x2  
  168  15:24  Zergling x2  
  168  15:25  Zergling x10  
  168  15:27  Hydralisk  
  168  15:28  Hydralisk x7  
  139  15:38  Lurker x3  
  139  15:40  Lurker  
  139  15:42  Lurker  
  144  15:44  Lurker  
  144  15:46  Lurker  
Show
View Real Time Build Order
Export as new Build Order

puCK Protoss - Winner!

Build Orders: 1 Gate Expand, Archon Immortal, Zealot Archon, Archon Drop, Dark Templar Rush 

Get SALT Encoding   

  12  0:00  Probe (Chrono Boost)  
  13  0:11  Probe (Chrono Boost)  
  14  0:18  Pylon  
  14  0:23  Probe (Chrono Boost)  
  15  0:36  Probe (Chrono Boost)  
  15  0:39  Gateway  
  16  0:47  Probe (Chrono Boost)  
  17  0:50  Assimilator  
  17  0:57  Probe (Chrono Boost)  
  18  1:08  Probe (Chrono Boost)  
  20  1:18  Probe (Chrono Boost)  
  20  1:26  Nexus  
  20  1:37  Cybernetics Core  
  20  1:39  Probe (Chrono Boost)  
  21  1:45  Assimilator  
  21  1:49  Probe (Chrono Boost)  
  22  1:55  Pylon  
  22  2:00  Probe (Chrono Boost)  
  23  2:13  Probe (Chrono Boost), Warp Gate, Adept (Chrono Boost)  
  26  2:25  Mothership Core  
  28  2:37  Probe, Stalker (Chrono Boost)  
  31  2:46  Probe  
  31  2:48  Probe  
  33  2:52  Twilight Council  
  33  2:59  Probe x2 (Chrono Boost)  
  35  3:10  Probe x2 (Chrono Boost)  
  35  3:11  Robotics Facility  
  37  3:20  Probe (Chrono Boost)  
  37  3:21  Probe (Chrono Boost)  
  39  3:31  Probe x2 (Chrono Boost)  
  41  3:37  Dark Shrine  
  41  3:41  Probe (Chrono Boost)  
  41  3:42  Probe (Chrono Boost)  
  43  3:48  Gateway  
  43  3:49  Gateway  
  43  3:52  Probe (Chrono Boost), Gateway  
  43  3:53  Pylon  
  44  3:56  Probe (Chrono Boost)  
  45  4:03  Assimilator  
  45  4:04  Assimilator, Probe (Chrono Boost)  
  46  4:11  Warp Prism (Chrono Boost)  
  46  4:14  Probe  
  49  4:17  Probe  
  49  4:18  Pylon  
  49  4:22  Resonating Glaives (Chrono Boost)  
  50  4:27  Probe  
  50  4:28  Probe  
  50  4:29  Pylon  
  52  4:38  Probe  
  52  4:39  Probe  
  54  4:55  Probe  
  54  4:57  Dark Templar  
  54  4:58  Dark Templar x3  
  63  5:03  Archon x2  
  63  5:05  Gateway x2  
  63  5:10  Probe  
  63  5:14  Pylon  
  63  5:17  Pylon  
  63  5:19  Probe  
  63  5:20  Immortal  
  68  5:32  Dark Templar  
  68  5:33  Dark Templar  
  72  5:37  Archon  
  72  5:38  Zealot x2  
  72  5:40  Adept  
  72  5:41  Probe, Adept  
  72  5:42  Probe  
  78  5:44  Pylon  
  78  5:46  Pylon  
  76  5:57  Probe  
  77  6:10  Immortal  
  73  6:12  Probe  
  73  6:13  Adept  
  73  6:14  Adept x3  
  73  6:16  Adept x2  
  90  6:28  Nexus  
  78  6:41  Probe  
  78  6:45  Adept x2  
  78  6:46  Adept x2  
  87  6:48  Sentry x2  
  87  6:49  Probe  
  87  6:51  Pylon  
  92  6:54  Pylon  
  92  6:55  Pylon  
  92  6:57  Pylon  
  92  6:58  Pylon  
  92  6:59  Probe  
  93  7:06  Probe  
  93  7:08  Adept x4  
  103  7:15  Probe  
  103  7:20  Sentry x2  
  103  7:21  Assimilator  
  107  7:25  Assimilator  
  107  7:26  Templar Archives  
  107  7:31  Probe x2  
  109  7:37  Pylon  
  109  7:40  Probe, Sentry x2  
  109  7:43  Probe, Immortal  
  115  7:49  Pylon  
  115  7:50  Probe  
  119  7:51  Probe  
  119  7:55  Probe  
  122  8:01  Probe  
  122  8:03  Probe  
  124  8:13  Adept  
  124  8:14  Adept x3  
  124  8:16  Pylon  
  122  8:20  Immortal  
  122  8:22  Psionic Storm, Pylon  
  122  8:23  Pylon  
  126  8:32  Adept x2  
  126  8:33  Adept  
  132  8:38  Adept x2  
  136  8:44  High Templar  
  138  8:50  Robotics Facility  
  138  8:57  Adept x3  
  138  8:59  High Templar x2  
  142  9:19  Adept  
  142  9:20  Adept x3  
  136  9:24  Immortal  
  110  9:32  Adept x2  
  106  9:40  Adept x3  
  106  9:41  Adept  
  97  9:53  Immortal  
  97  9:57  Archon  
  97  9:58  Adept x2  
  99  10:00  Adept x2  
  99  10:01  Adept x2  
  99  10:05  Mothership Core  
  107  10:09  Pylon x2  
  109  10:17  Gateway  
  109  10:18  Immortal (Chrono Boost)  
  109  10:19  Forge, Pylon  
  109  10:21  Gateway  
  113  10:22  High Templar  
  113  10:24  High Templar  
  113  10:27  Archon  
  117  10:30  High Templar  
  117  10:32  Warp Prism (Chrono Boost)  
  121  10:40  High Templar, Pylon  
  121  10:42  Adept x2  
  127  10:48  Pylon  
  127  10:53  Protoss Ground Weapons Level 1 (Chrono Boost), Observer (Chrono Boost)  
  128  10:59  Zealot  
  128  11:00  High Templar  
  132  11:11  High Templar  
  132  11:16  Nexus  
  132  11:18  Nexus  
  132  11:19  Pylon  
  132  11:30  Pylon  
  132  11:32  Adept  
  132  11:33  Adept x6  
  146  11:44  Zealot  
  148  11:48  Pylon  
  148  11:56  Zealot  
  150  12:05  Blink (Chrono Boost)  
  150  12:07  Photon Cannon, High Templar x2  
  150  12:08  High Templar x2  
  156  12:09  Photon Cannon  
  156  12:15  Archon x2  
  156  12:16  Pylon  
  156  12:19  High Templar  
  156  12:20  Photon Cannon x2  
  158  12:22  Photon Cannon  
  158  12:23  Observer x2  
  160  12:32  Zealot x2  
  160  12:37  Zealot  
  166  12:40  Immortal  
  166  12:43  Observer  
  164  12:48  Zealot  
  164  12:51  Zealot  
  172  12:58  Robotics Bay  
  170  13:11  Assimilator x2  
  170  13:18  High Templar x2  
  174  13:20  Photon Cannon  
  174  13:23  Zealot  
  174  13:24  Zealot  
  174  13:44  Stalker x2  
  174  13:45  Stalker x3  
  174  13:47  Disruptor x2  
  188  14:01  Charge (Chrono Boost)  
  184  14:18  Disruptor, Immortal  
  191  14:27  Photon Cannon x2  
  186  14:45  Zealot x6  
  194  14:46  Zealot  
  200  15:01  Photon Cannon  
  200  15:03  Photon Cannon  
  200  15:05  Photon Cannon  
  181  15:40  Photon Cannon  
  189  15:43  Photon Cannon  
  189  15:44  Photon Cannon  
  189  15:47  Pylon  
Tags
 
Add a new tag
Caveats
  • Supply blocks, unpowered buildings, or Contaminate may cause inaccurate times.
  • Supply counts are checked every 10 seconds.